 Dungeon Crawl Stone Soup version 0.29-a0-43-g62a80824bf (webtiles) character file.

Game seed: 5598782001813011077

161 avis the Ruffian (level 5, 0/50 HPs)
             Began as a Hill Orc Transmuter on Feb 3, 2022.
             Was an Initiate of Beogh.
             Slain by an ufetubus (2 damage)
             ... on level 3 of the Dungeon.
             The game lasted 00:16:19 (3519 turns).

avis the Ruffian (Hill Orc Transmuter)              Turns: 3519, Time: 00:16:20

Health: 0/50       AC:  4    Str: 14 (15) XL:     5   Next: 42%
Magic:  7/7        EV: 12    Int: 12 (15) God:    Beogh [......]
Gold:   177        SH:  0    Dex: 14 (17) Spells: 6/7 levels left

rFire   . . .      SeeInvis .     - Unarmed
rCold   . . .      Faith    .   (no shield)
rNeg    . . .      Spirit   .   a - +0 robe
rPois   .          Reflect  .   w - +1 helmet
rElec   .          Harm     .   (no cloak)
rCorr   .          Rampage  .   (no gloves)
Will    .....                   (no boots)
Stlth   ++........              r - amulet of magic regeneration
HPRegen 0.16/turn               m - +6 ring of dexterity
MPRegen 0.50/turn               (no ring)

@: mighty, attractive, invisible (expiring)
A: camouflage 1, deterioration 1, robust 1, strong 1
a: Renounce Religion


You were on level 3 of the Dungeon.
You worshipped Beogh.
Beogh was noncommittal.
You visited 1 branch of the dungeon, and saw 3 of its levels.

You collected 177 gold pieces.

Inventory:

Hand Weapons
 b - a +0 hunting sling
 v - a +0 trident
 x - a +1 dagger of electrocution
Missiles
 g - 10 sling bullets
 n - 12 bolts
 u - 27 arrows
 y - 17 stones
Armour
 a - a +0 robe (worn)
 w - a +1 helmet (worn)
Magical Staves
 l - a staff of air
Jewellery
 m - a +6 ring of dexterity (left hand)
 r - an amulet of magic regeneration (around neck)
Scrolls
 c - a scroll of noise {unknown}
 d - a scroll of immolation {unknown}
 f - 3 scrolls of fog {unknown}
 h - 2 scrolls of teleportation {unknown}
 i - 2 scrolls of vulnerability {unknown}
 p - a scroll of enchant armour {unknown}
 t - a scroll of magic mapping {unknown}
Potions
 e - a potion of degeneration
 o - 2 potions of might
 s - a potion of magic


   Skills:
 * Level 3.8 Fighting
 - Level 2.0 Dodging
 - Level 5.0 Unarmed Combat
 - Level 1.5 Spellcasting
 - Level 1.3 Transmutations
 - Level 1.0 Air Magic


You had 6 spell levels left.
You knew the following spells:

 Your Spells              Type           Power      Damage    Failure   Level
a - Beastly Appendage     Tmut           8%         N/A       16%         1

Your spell library contained the following spells:

 Spells                   Type           Power      Damage    Failure   Level
 Wereblood                Tmut           4%         N/A       24%         2
 Spider Form              Tmut/Pois      2%         N/A       54%         3
 Ice Form                 Ice/Tmut       2%         N/A       91%         4


Dungeon Overview and Level Annotations

Branches:
Dungeon (3/15)

Altars:


Innate Abilities, Weirdness & Mutations

Your skin changes colour to match your surroundings (Stealth+).
Your body sometimes deteriorates upon taking damage.
You are robust. (+10% HP)
Your muscles are strong. (Str +2)


Message History

It was a potion of mutation.
You feel extremely strange.
You feel stronger.
You feel yourself wasting away.
You feel robust.
Your skin functions as natural camouflage.
The ball python bites you.
* * * LOW HITPOINT WARNING * * *
The ball python constricts you.
It was a potion of invisibility.
You fade into invisibility!
The ball python closely misses you. The ball python constricts you.
The ball python closely misses you. The ball python constricts you.
* * * LOW HITPOINT WARNING * * *
It was a potion of attraction.
You feel attractive to monsters.
Your transformation is almost over.
The ball python closely misses you. The ball python constricts you.
You punch the ball python!
You kill the ball python!
Beogh accepts your kill.
Items here: ))))) [[ †††.
The hobgoblin closely misses you.
There is an open door, spattered with blood here.
The orc is attracted toward you.
You see here an adder corpse.
The hobgoblin is attracted toward you. The orc is attracted toward you.
The hobgoblin is attracted toward you. The orc is attracted toward you.
Your horns disappear.
Your talons disappear.
Your +1 helmet unmelds from your body.
The hobgoblin is attracted toward you.
The orc is attracted toward you. x2; The ufetubus is attracted toward you.
A hobgoblin comes into view.
Found a chain mail.
The hobgoblin is attracted toward you. The ufetubus is attracted toward you.
The hobgoblin is attracted toward you. The ufetubus is attracted toward you.
The hobgoblin shouts!
The ufetubus shouts!
The hobgoblin closely misses you. The ufetubus barely misses you.
The ufetubus completely misses you. The orc is attracted toward you.
The hobgoblin hits you.
* * * LOW HITPOINT WARNING * * *
You flicker for a moment.
The ufetubus is attracted toward you. The orc is attracted toward you.
The ufetubus hits you.
You die...

#.# .............#
##.#######.######.####.#
#<......... ..##.§§...#
#..######.. #.##§§#'#.#
. #..# #. #[##o##o###'..
#..# #. #.##§#$§o)o#
...# #.####§##.##(###+
##.## ##.#5o.o§...###
#.# ##..@.g#.##.....#
#.##........g..##.###.#
#. #.###.......##.# #?#
##.#.#.....# #.. ###
#.#.#..#### #.. ..
#.#.#...# ###.. #.
#.......# .....###.
###.#...##.........
#..###.####...#


You could see 2 orcs, an ufetubus and 2 hobgoblins.

Vanquished Creatures
  An orc priest (D:3)
  Jessica (D:3)
  Robin (D:3)
  3 adders
  A worm (D:2)
  A dart slug (D:2)
  3 orcs (D:3)
  6 ball pythons
  2 bats
  3 endoplasms
  3 giant cockroaches
  14 goblins
  10 hobgoblins
  3 kobolds
  2 quokkas (D:1)
  3 frilled lizards (D:1)
  2 rats (D:1)
59 creatures vanquished.

Vanquished Creatures (others)
  An orc priest (D:3)
  2 orcs (D:3)
  A goblin (D:3)
  A hobgoblin (D:3)
5 creatures vanquished.

Grand Total: 64 creatures vanquished

Notes
Turn   | Place    | Note
-------+----------+-------------------------------------------
     0 | D:1      | avis the Hill Orc Transmuter began the quest for the Orb.
     0 | D:1      | Reached XP level 1. HP: 16/16 MP: 3/3
   279 | D:2      | Reached XP level 2. HP: 15/25 MP: 1/4
  1133 | D:1      | Reached XP level 3. HP: 30/31 MP: 3/5
  1852 | D:2      | Reached skill level 4 in Unarmed Combat
  2177 | D:3      | Noticed Robin
  2663 | D:3      | Reached XP level 4. HP: 20/38 MP: 6/6
  3005 | D:3      | Killed Robin
  3263 | D:3      | Became a worshipper of Beogh the Brigand
  3272 | D:3      | Noticed Jessica
  3293 | D:3      | Killed Jessica
  3444 | D:3      | Reached skill level 5 in Unarmed Combat
  3467 | D:3      | Reached skill level 1 in Air Magic
  3467 | D:3      | Reached XP level 5. HP: 16/45 MP: 7/7
  3501 | D:3      | Gained mutation: Your muscles are strong. (Str +2) [potion
                  | of mutation]
  3501 | D:3      | Gained mutation: Your body sometimes deteriorates upon
                  | taking damage. [potion of mutation]
  3501 | D:3      | Gained mutation: You are robust. (+10% HP) [potion of
                  | mutation]
  3501 | D:3      | Gained mutation: Your skin changes colour to match your
                  | surroundings (Stealth+). [potion of mutation]
  3502 | D:3      | HP: 2/50 [constriction (1)]
  3517 | D:3      | HP: 2/50 [hobgoblin (2)]
  3519 | D:3      | Slain by an ufetubus

Illustrated notes

Levels and vault maps discovered:
D:1:      dpeg_arrival_radiant, layout_rooms, minmay_misc_feat_square,
          kennysheep_another_room
D:2:      layout_basic
D:3:      layout_loops_ring, grunt_qazlal_sundering, gup_sewer_entry_bowl,
          dreamdust_ecumenical_altar_statues, minmay_joined_circles,
          uniq_sigmund, uniq_robin, uniq_jessica

Skill      XL: |  1  2  3  4 |
---------------+-------------+-----
Fighting       | 2 3 |  3.8
Unarmed Combat | 4 5 |  5.0
Dodging        | 2 |  2.0
Air Magic      | 1 |  1.0
Spellcasting   | |  1.5
Transmutations | |  1.3

Action                   |  1- 3 |  4- 6 || total
-------------------------+-------+-------++-------
Melee: Unarmed           |    99 |    65 ||   164
       Kick              |    17 |    15 ||    32
       Headbutt          |     9 |     7 ||    16
       Punch             |     2 |     4 ||     6
 Fire: Hunting sling     |    11 |       ||    11
 Cast: Beastly Appendage |    28 |    14 ||    42
Invok: Convert to Beogh  |       |     1 ||     1
  Use: Potion            |       |     8 ||     8
Armor: Robe              |    16 |     8 ||    24
Dodge: Dodged            |    65 |    47 ||   112

Table legend: (Time is in decaauts)
 A = Elapsed time spent in this place.
 B = Non-inter-level travel time spent in this place.
 C = Inter-level travel time spent in this place.
 D = Time resting spent in this place.
 E = Time spent auto-exploring this place.
 F = Levels seen in this place.
 G = Mean time per level.
                   A        B        C        D        E       F      G
               +--------+--------+--------+--------+--------+-----+--------+
         Total |   3514 |   3262 |    252 |   1292 |    889 |   3 | 1171.3 |
       Dungeon |   3514 |   3262 |    252 |   1292 |    889 |   3 | 1171.3 |
               +--------+--------+--------+--------+--------+-----+--------+

Top non-repeatable levels by time:
     D:2: 2372 daAuts
     D:1: 866 daAuts
     D:3: 275 daAuts
